 Dungeon Crawl Stone Soup version 0.28-a0-8-g6e044cfa68 (webtiles) character file.

Game seed: 13657557077300433836

6 graki42 the Conjurer (level 1, -2/11 HPs)
             Began as an Octopode Conjurer on July 23, 2021.
             Slain by a kobold (4 damage)
             ... on level 1 of the Dungeon.
             The game lasted 00:00:55 (340 turns).

graki42 the Conjurer (Octopode Conjurer)             Turns: 340, Time: 00:00:56

Health: -2/11      AC:  1    Str:  6    XL:     1   Next: 90%
Magic:  3/3        EV: 13    Int: 20    God:
Gold:   19         SH:  0    Dex: 10    Spells: 3/4 levels left

rFire   . . .      SeeInvis .   d - +0 long sword
rCold   . . .      Faith    .   (no shield)
rNeg    . . .      Spirit   .   (helmet restricted)
rPois   .          Reflect  .   (no amulet)
rElec   .          Harm     .   (no ring)
rCorr   .          Rampage  .   (no ring)
Will    .....                   (no ring)
Stlth   +++.......              (no ring)
HPRegen 0.03/turn               (no ring)
MPRegen 0.08/turn               (no ring)
                                (no ring)
                                (no ring)

@: no status effects
A: almost no armour, amphibious, 8 rings, camouflage 1, gelatinous body 1,
(nimble swimmer 1), tentacles
a: no special abilities


You were on level 1 of the Dungeon.
You visited 1 branch of the dungeon, and saw 1 of its levels.

You collected 19 gold pieces.

Inventory:

Hand Weapons
 d - a +0 long sword (weapon)
Missiles
 c - 3 curare-tipped darts
Scrolls
 b - 2 scrolls of identify {unknown}


   Skills:
 + Level 2.1 Dodging
 + Level 2.9 Stealth
 + Level 2.1 Spellcasting
 + Level 4.0 Conjurations


You had 3 spell levels left.
You knew the following spells:

 Your Spells              Type           Power      Damage    Failure   Level
a - Magic Dart            Conj           72%        1d6       3%          1

Your spell library contained the following spells:

 Spells                   Type           Power      Damage    Failure   Level
 Searing Ray              Conj           36%        3d4       4%          2
 Dazzling Flash           Conj/Hex       20%        N/A       21%         3
 Fulminant Prism          Conj/Hex       5%         3d7       56%         4
 Iskenderun's Mystic Bla  Conj/Tloc      10%        2d4       56%         4


Dungeon Overview and Level Annotations

Branches:
Dungeon (1/15)

Altars:


Innate Abilities, Weirdness & Mutations

You cannot wear most types of armour.
You are amphibious.
You can wear up to eight rings at the same time.
Your skin changes colour to match your surroundings (Stealth+).
Your rubbery body absorbs attacks. (AC +1, EV +1)
((You are camouflaged near water. (Stealth+)))
You have tentacles for arms and can constrict up to eight enemies at once.


Message History

The magic dart hits the frilled lizard.
You kill the frilled lizard!
There is an open door here.
You see here a frilled lizard corpse.
You open the door.
There is an open door here.
Found a long sword.
Found a scroll labelled KYEPTE XEIN.
You see here a +0 long sword.
d - a +0 long sword
d - a +0 long sword (weapon)
Drop what? 4/52 slots (_ for help) (? for menu, Esc to quit)
You drop a +0 club.
Found a stone staircase leading down.
You now have 19 gold pieces (gained 9).
b - 2 scrolls labelled KYEPTE XEIN (gained 1)
A kobold comes into view. It is wielding a +0 dagger.
A kobold is nearby!
A kobold comes into view. It is wielding a +0 short sword.
A bat comes into view.
The kobold shouts!
The bat misses you. The bat misses you.
You riposte.
You completely miss the bat.
The kobold shouts!
You grab the bat. You hit the bat.
You kill the bat!
The kobold throws a stone.
The stone hits you.
An endoplasm and a giant cockroach come into view.
The kobold hits you but does no damage.
You closely miss the kobold.
The endoplasm quivers.
You grab the kobold.
You constrict the kobold, but do no damage.
The kobold hits you with a +0 short sword.
A dart slug comes into view.
The kobold hits you with a +0 dagger.
* * * LOW HITPOINT WARNING * * *
The kobold hits you with a +0 short sword.
You die...

# .###.
..#......##### #
#......#.#...........
#
#......#.#...#..#####
#
#......#.#..........
#......#.#...........
#........#.##########
#............#
#......#.#.#.#
.......@$#.#.#
......K.K#.# #
...........# ..#
.........#.# ..#
.....B.##### ..#
......J ..# ......w
..# ....... ..#######


You could see a dart slug (wandering), an endoplasm, a giant cockroach and 2
kobolds.

Vanquished Creatures
  A bat (D:1)
  A giant cockroach (D:1)
  A goblin (D:1)
  A frilled lizard (D:1)
  A kobold (D:1)
  A rat (D:1)
6 creatures vanquished.

Notes
Turn   | Place    | Note
-------+----------+-------------------------------------------
     0 | D:1      | graki42 the Octopode Conjurer began the quest for the Orb.
     0 | D:1      | Reached XP level 1. HP: 11/11 MP: 3/3
   340 | D:1      | Slain by a kobold

Illustrated notes

Levels and vault maps discovered:
D:1:      sevenhm_arrival_forest_fort_small_6, layout_basic

Action                   || total
-------------------------++-------
Melee: Club              ||     5
       Constrict         ||     3
       Long sword        ||     2
 Cast: Magic Dart        ||     5
Armor: Skin              ||     1
Dodge: Dodged            ||     6
       Rpst.: Long sword ||     1

Table legend: (Time is in decaauts)
 A = Elapsed time spent in this place.
 B = Non-inter-level travel time spent in this place.
 C = Inter-level travel time spent in this place.
 D = Time resting spent in this place.
 E = Time spent auto-exploring this place.
 F = Levels seen in this place.
 G = Mean time per level.
                   A        B        C        D        E       F      G
               +--------+--------+--------+--------+--------+-----+--------+
         Total |    340 |    340 |      0 |      0 |    295 |   1 |  340.0 |
       Dungeon |    340 |    340 |      0 |      0 |    295 |   1 |  340.0 |
               +--------+--------+--------+--------+--------+-----+--------+

Top non-repeatable levels by time:
     D:1: 340 daAuts
